 Seeded DCSS version 0.30-a0-715-gdb4ae3ece1 (webtiles) character file.

Game seed: 10612473497621459800 (custom seed)

51 purpskrrrp the Firebug (level 3, -9/19 HPs)
             Began as a Tengu Fire Elementalist on Jan 24, 2023.
             Mangled by a gnoll
             ... wielding a +0 halberd
              (11 damage)
             ... on level 3 of the Dungeon.
             The game lasted 00:01:49 (1957 turns).

purpskrrrp the Firebug (Tengu Fire Elementalist)    Turns: 1957, Time: 00:01:49

Health: -9/19      AC:  2    Str:  8    XL:     3   Next: 83%
Magic:  0/7        EV: 17    Int: 17    God:
Gold:   116        SH:  0    Dex: 14    Spells: 3/6 levels left

rFire   + . .      SeeInvis .    j - +0 long sword
rCold   x . .      Faith    .    (no shield)
rNeg    . . .      Spirit   .    a - +0 robe
rPois   .          Reflect  .    (helmet restricted)
rElec   .          Harm     .    (no cloak)
rCorr   .          Rampage  .    (no gloves)
Will    .....                    (boots unavailable)
Stlth   ++                       (no amulet)
HPRegen 0.23/turn                c - +5 ring of evasion
MPRegen 0.10/turn                h - ring of fire

@: no status effects
A: beak, talons 3
a: no special abilities


You were on level 3 of the Dungeon.
You visited 1 branch of the dungeon, and saw 3 of its levels.

You collected 116 gold pieces.

Inventory:

Hand Weapons
 j - a +0 long sword (weapon)
Armour
 a - a +0 robe (worn)
Jewellery
 c - a +5 ring of evasion (left hand)
 h - a ring of fire (right hand)
 q - a +5 ring of evasion
 r - the ring of Umugh {*Corrode +Blink rPois rC+ Will++}
   (You found it on level 3 of the Dungeon)

   [ring of protection from cold]

   rC:        It protects you from cold.
   rPois:     It protects you from poison.
   +Blink:    It lets you blink.
   *Corrode:  It may corrode you when you take damage.
   Will:      It greatly increases your willpower.
Scrolls
 f - a scroll of brand weapon {unknown}
 g - a scroll of teleportation {unknown}
 l - a scroll of blinking {unknown}
 m - 3 scrolls of immolation {unknown}
 n - a scroll of identify {unknown}
 p - a scroll of torment {unknown}
Potions
 b - a potion of magic
 d - 2 potions of ambrosia {unknown}
 e - a potion of cancellation {unknown}
 i - 2 potions of degeneration {unknown}
 k - 2 potions of attraction {unknown}
 o - a potion of lignification {unknown}


   Skills:
 + Level 2.7 Dodging
 + Level 2.5 Stealth
 + Level 2.3 Spellcasting
 * Level 2.8 Conjurations
 + Level 3.6 Fire Magic


You had 3 spell levels left.
You knew the following spells:

 Your Spells              Type           Power      Damage    Failure   Level
a - Foxfire               Conj/Fire      76%        2x1d7     4%          1
b - Scorch                Fire           42%        2d7       6%          2

Your spell library contained the following spells:

 Spells                   Type           Power      Damage    Failure   Level
 Magic Dart               Conj           44%        1d5       6%          1
 Momentum Strike          Conj/Tloc      12%        3d8       16%         2
 Inner Flame              Hex/Fire       12%        N/A       26%         3
 Blink                    Tloc           2%         N/A       28%         2
 Call Imp                 Summ           1%         N/A       28%         2
 Lesser Beckoning         Tloc           2%         N/A       28%         2
 Stone Arrow              Conj/Erth      12%        3d7       30%         3
 Kindle Blastsparks       Fire/Tloc/Air  18%        2d11      34%         3
 Mephitic Cloud           Conj/Pois/Air  5%         N/A       36%         3
 Flame Wave               Conj/Fire      19%        2d7       45%         4
 Animate Armour           Summ/Erth      2%         N/A       88%         4
 Lehudib's Crystal Spear  Conj/Erth      3%         10d2      100%        8


Dungeon Overview and Level Annotations

Branches:
Dungeon (3/15)

Altars:

Shops:
D:2 (


Innate Abilities, Weirdness & Mutations

You have a beak for a mouth.
You have claws for feet.


Message History

A gnoll comes into view. It is wielding a +0 club.
You feel a surge of power!
You conjure some foxfire!
The foxfire hits the gnoll.
You kill the gnoll!
The foxfire hits the gnoll.
The gnoll is moderately wounded.
The foxfire hits the gnoll.
The gnoll is heavily wounded.
A giant cockroach comes into view.
The foxfire hits the gnoll.
The gnoll is lightly wounded.
The foxfire hits the gnoll.
The gnoll is severely wounded.
The foxfire hits the gnoll.
The gnoll is almost dead.
The gnoll hits you from afar with a +0 halberd.
You hit the gnoll.
You kill the gnoll!
The gnoll hits you from afar with a +0 halberd!
Ouch! That really hurt!
* * * LOW HITPOINT WARNING * * *
Your magical contamination has completely faded away.
You are too injured to fight recklessly!
You are too injured to fight recklessly!
You are too injured to fight recklessly!
You are too injured to fight recklessly!
You are too injured to fight recklessly!
You are too injured to fight recklessly!
You are too injured to fight recklessly!
You are too injured to fight recklessly!
You are too injured to fight recklessly!
You are too injured to fight recklessly!
You are too injured to fight recklessly!
You are too injured to fight recklessly!
You are too injured to fight recklessly!
Okay, then.
There is a stone staircase leading down here.
The gnoll hits you from afar with a +0 halberd!
Ouch! That really hurt!
You die...

........#...........# .####
........#.......>...#.....#
........#...........#.....#
..<.....#...........#.....#
........#.................#
..........................#
.##......#'####..#Bg)).)..#
..+......#.####...g##......
###.............@.## .....
..................# ....
..................# ...
..................# ..
...)..............# .
..................#
....#...).........#
...................
.....############


You could see 2 gnolls and a giant cockroach.

Vanquished Creatures
  2 gnolls (D:3)
  An adder (D:2)
  3 ball pythons
  2 giant cockroaches
  3 goblins
  2 hobgoblins (D:3)
  A kobold (D:3)
  2 quokkas
  4 bats
  2 frilled lizards
  A rat (D:2)
23 creatures vanquished.

Vanquished Creatures (others)
  97 foxfires
97 creatures vanquished.

Grand Total: 120 creatures vanquished

Notes
Turn   | Place    | Note
-------+----------+-------------------------------------------
     0 | D:1      | purpskrrrp the Tengu Fire Elementalist began the quest for
                  | the Orb.
     0 | D:1      | Reached XP level 1. HP: 10/10 MP: 4/4
   834 | D:2      | Reached XP level 2. HP: 15/15 MP: 3/6
   928 | D:2      | Learned a level 2 spell: Scorch
  1210 | D:2      | Found Cuonynum's Antique Weapon Emporium.
  1371 | D:2      | Reached XP level 3. HP: 19/19 MP: 4/7
  1833 | D:3      | Identified the ring of Umugh {*Corrode +Blink rPois rC+
                  | Will++}
  1957 | D:3      | Mangled by a gnoll

Illustrated notes

Levels and vault maps discovered:
D:1:      co_arrival_random_square_maze, layout_basic
D:2:      layout_basic, serial_shops, nicolae_shop_crystal
D:3:      layout_basic

Skill      XL: |  1  2 |
---------------+-------+-----
Conjurations   | 2 |  2.8
Dodging        | |  2.7
Stealth        | |  2.5
Spellcasting   | |  2.3
Fire Magic     | |  3.6

Action                     || total
---------------------------++-------
  Melee: Long sword        ||     5
         Kick              ||     1
         Peck              ||     1
   Cast: Foxfire           ||    61
 Armour: Robe              ||     2
  Dodge: Dodged            ||     1

Table legend: (Time is in decaauts)
 A = Elapsed time spent in this place.
 B = Non-inter-level travel time spent in this place.
 C = Inter-level travel time spent in this place.
 D = Time resting spent in this place.
 E = Time spent auto-exploring this place.
 F = Levels seen in this place.
 G = Mean time per level.
                   A        B        C        D        E       F      G
               +--------+--------+--------+--------+--------+-----+--------+
         Total |   1957 |   1878 |     79 |      0 |   1709 |   3 |  652.3 |
       Dungeon |   1957 |   1878 |     79 |      0 |   1709 |   3 |  652.3 |
               +--------+--------+--------+--------+--------+-----+--------+

Top non-repeatable levels by time:
     D:1: 824 daAuts
     D:2: 813 daAuts
     D:3: 319 daAuts
